[ PARTIDA AOE2 · #484047548 ]
Team RMVietnamitas vs Persians
[ ANÁLISIS DE REPETICIÓN · EXTRAÍDO DE LA PARTIDA GRABADA ]
Feudal
13:50
Castillos
18:41
Imperial
—
| APM promedio | 47.2 |
| APM pico | 101 |
| eAPM promedio | 17.6 |
| Aldeanos / militares | 98 / 18 |
Foco
⚔️ 26.6% · 🌾 73.4%
Fishing Ship ×24 · Galley ×15 · Unknown (2626) ×5 · Trade Cog ×3 · Fire Galley ×2 · Demolition Raft ×1
Feudal
12:47
Castillos
20:43
Imperial
—
| APM promedio | 30.6 |
| APM pico | 46 |
| eAPM promedio | 15.9 |
| Aldeanos / militares | 113 / 16 |
Foco
⚔️ 18.7% · 🌾 81.3%
Fire Galley ×8 · Unknown (2626) ×6 · Camel Scout ×5 · Fishing Ship ×4 · Knight ×3
Feudal
13:42
Castillos
21:18
Imperial
—
| APM promedio | 30.4 |
| APM pico | 69 |
| eAPM promedio | 15.1 |
| Aldeanos / militares | 45 / 30 |
Foco
⚔️ 20.3% · 🌾 79.7%
Janissary ×14 · Knight ×11 · Fishing Ship ×7 · Spearman ×4 · Fire Galley ×1
Feudal
14:29
Castillos
20:04
Imperial
—
| APM promedio | 13.9 |
| APM pico | 35 |
| eAPM promedio | 9.3 |
| Aldeanos / militares | 89 / 4 |
Foco
⚔️ 10.2% · 🌾 89.8%
Knight ×4
Feudal
13:34
Castillos
19:09
Imperial
—
| APM promedio | 13.6 |
| APM pico | 25 |
| eAPM promedio | 10.7 |
| Aldeanos / militares | 105 / 33 |
Foco
⚔️ 21.3% · 🌾 78.7%
Cavalry Archer ×23 · Knight ×10 · Unknown (2626) ×7 · Fishing Ship ×6
Feudal
13:17
Castillos
19:18
Imperial
—
| APM promedio | 26.9 |
| APM pico | 50 |
| eAPM promedio | 16.3 |
| Aldeanos / militares | 52 / 24 |
Foco
⚔️ 22.7% · 🌾 77.3%
Fishing Ship ×7 · Skirmisher ×6 · Battering Ram ×6 · Cavalry Archer ×6 · Monk ×2 · Mangonel ×2
Feudal
12:10
Castillos
17:49
Imperial
—
| APM promedio | 58.8 |
| APM pico | 120 |
| eAPM promedio | 21.7 |
| Aldeanos / militares | 126 / 26 |
Foco
⚔️ 16.5% · 🌾 83.5%
Mangudai ×23 · Fishing Ship ×14 · Galley ×3
Feudal
15:43
Castillos
25:19
Imperial
—
| APM promedio | 18.1 |
| APM pico | 45 |
| eAPM promedio | 10.3 |
| Aldeanos / militares | 67 / 2 |
Foco
⚔️ 14.3% · 🌾 85.7%
Fishing Ship ×6 · Fire Galley ×1 · Scout Cavalry ×1
Mapa de la partida
Recursos iniciales + cada clic de construcción. Líneas = muros · curvas = relieve. ◆ oro · ⬟ piedra · ● bayas · ✦ reliquia · ◌ hueco del cierre
Tu base· Abierta — hueco de 5t
Base de shogun· Abierta — hueco de 13t
Base de MuhafıZ· Abierta — hueco de 7t
Base de sandr1· Abierta — flanco sin cerrar
Base de Birkules· Abierta — flanco sin cerrar
Base de 蒜香骨· Abierta — hueco de 5t
Base de luanb10· Abierta — flanco sin cerrar
Base de 2ʙ♥ˡᵒᵛᵉᵧₒᵤ· Abierta — hueco de 6t
Terreno inicial suavizado · ◌ = hueco del cierre detectado · pasá el cursor para detalles
Inputs por minuto
— SICKOISM SICKOISM - - shogun
Build order — SICKOISM SICKOISM
Primeras 150 de 223 acciones detectadas
| 0:04 | Construir | Town Center |
| 0:58 | Construir | Dock |
| 1:00 | Construir | House |
| 2:25 | Construir | Palisade Wall |
| 2:29 | Construir | Palisade Wall |
| 2:37 | Crear | Villager (Male) |
| 2:37 | Crear | Villager (Male) |
| 2:38 | Crear | Villager (Male) |
| 2:38 | Crear | Villager (Male) |
| 2:38 | Crear | Villager (Male) |
| 4:00 | Crear | Fishing Ship |
| 4:01 | Crear | Fishing Ship |
| 4:20 | Crear | Villager (Male) |
| 4:20 | Crear | Villager (Male) |
| 4:42 | Crear | Villager (Male) |
| 4:42 | Crear | Villager (Male) |
| 4:56 | Construir | House |
| 5:02 | Investigar | Loom |
| 5:17 | Crear | Villager (Male) |
| 5:18 | Crear | Villager (Male) |
| 5:45 | Crear | Villager (Male) |
| 5:55 | Crear | Fishing Ship |
| 5:55 | Crear | Fishing Ship |
| 5:57 | Crear | Villager (Male) |
| 5:57 | Crear | Villager (Male) |
| 6:43 | Crear | Villager (Male) |
| 6:43 | Crear | Villager (Male) |
| 6:43 | Crear | Villager (Male) |
| 6:51 | Construir | House |
| 7:03 | Crear | Fishing Ship |
| 7:18 | Crear | Villager (Male) |
| 7:19 | Crear | Villager (Male) |
| 7:28 | Crear | Villager (Male) |
| 7:29 | Crear | Villager (Male) |
| 7:40 | Crear | Fishing Ship |
| 8:11 | Crear | Villager (Male) |
| 8:11 | Crear | Villager (Male) |
| 8:27 | Construir | House |
| 8:46 | Crear | Villager (Male) |
| 8:46 | Crear | Villager (Male) |
| 8:46 | Crear | Villager (Male) |
| 8:57 | Construir | Mill |
| 9:05 | Crear | Villager (Male) |
| 9:05 | Crear | Villager (Male) |
| 9:05 | Crear | Villager (Male) |
| 9:06 | Crear | Villager (Male) |
| 9:08 | Crear | Fishing Ship |
| 9:29 | Construir | House |
| 11:03 | Crear | Villager (Male) |
| 11:07 | Construir | Mining Camp |
| 11:34 | Construir | Dock |
| 11:40 | Investigar | Feudal Age |
| 11:41 | Investigar | Feudal Age |
| 12:22 | Crear | Fishing Ship |
| 12:25 | Construir | House |
| 13:50 | Edad | Edad Feudal |
| 13:52 | Construir | Blacksmith |
| 13:55 | Crear | Unit 2626 |
| 13:58 | Crear | Fire Galley |
| 13:59 | Crear | Villager (Male) |
| 14:14 | Construir | Market |
| 14:24 | Crear | Unit 2626 |
| 15:15 | Crear | Galley |
| 15:16 | Crear | Galley |
| 15:16 | Crear | Galley |
| 15:38 | Crear | Demolition Raft |
| 15:59 | Construir | House |
| 16:01 | Investigar | Castle Age |
| 16:01 | Investigar | Castle Age |
| 16:35 | Investigar | Fletching |
| 16:35 | Investigar | Fletching |
| 16:35 | Investigar | Fletching |
| 16:37 | Crear | Villager (Male) |
| 16:37 | Crear | Villager (Male) |
| 16:37 | Crear | Villager (Male) |
| 17:11 | Crear | Galley |
| 17:12 | Crear | Galley |
| 17:12 | Crear | Galley |
| 18:14 | Construir | Dock |
| 18:41 | Edad | Edad de los Castillos |
| 18:53 | Crear | Villager (Male) |
| 18:53 | Crear | Villager (Male) |
| 18:53 | Crear | Villager (Male) |
| 19:23 | Investigar | War Galley (upgrade) |
| 19:23 | Investigar | War Galley (upgrade) |
| 19:24 | Crear | Villager (Male) |
| 19:24 | Crear | Villager (Male) |
| 19:24 | Crear | Villager (Male) |
| 19:24 | Crear | Villager (Male) |
| 19:54 | Crear | Trade Cog |
| 19:59 | Crear | Villager (Male) |
| 20:00 | Crear | Villager (Male) |
| 20:00 | Crear | Villager (Male) |
| 20:00 | Crear | Villager (Male) |
| 20:08 | Crear | Galley |
| 20:09 | Crear | Galley |
| 20:21 | Construir | House |
| 20:22 | Construir | House |
| 21:06 | Crear | Galley |
| 21:06 | Crear | Galley |
| 21:06 | Crear | Galley |
| 21:08 | Crear | Villager (Male) |
| 21:08 | Crear | Villager (Male) |
| 21:08 | Crear | Villager (Male) |
| 21:10 | Construir | House |
| 21:10 | Construir | House |
| 22:37 | Crear | Galley |
| 22:37 | Crear | Galley |
| 22:37 | Crear | Galley |
| 22:38 | Crear | Galley |
| 22:56 | Crear | Unit 2626 |
| 22:56 | Crear | Unit 2626 |
| 22:57 | Crear | Unit 2626 |
| 23:08 | Crear | Villager (Male) |
| 23:08 | Crear | Villager (Male) |
| 23:11 | Construir | Lumber Camp |
| 23:12 | Crear | Villager (Male) |
| 23:12 | Crear | Villager (Male) |
| 23:12 | Crear | Villager (Male) |
| 23:12 | Crear | Villager (Male) |
| 23:49 | Construir | House |
| 23:49 | Construir | House |
| 23:57 | Investigar | Double-Bit Axe |
| 23:57 | Investigar | Double-Bit Axe |
| 23:57 | Investigar | Double-Bit Axe |
| 24:12 | Construir | Town Center |
| 24:43 | Crear | Fishing Ship |
| 24:51 | Construir | Dock |
| 24:52 | Crear | Villager (Male) |
| 24:52 | Crear | Villager (Male) |
| 25:01 | Crear | Fire Galley |
| 25:32 | Crear | Trade Cog |
| 25:51 | Crear | Villager (Male) |
| 25:52 | Crear | Villager (Male) |
| 25:52 | Crear | Villager (Male) |
| 26:17 | Crear | Fishing Ship |
| 26:24 | Construir | Farm |
| 26:24 | Construir | Farm |
| 26:24 | Construir | Farm |
| 26:24 | Construir | Farm |
| 26:25 | Construir | Farm |
| 26:25 | Construir | Farm |
| 26:25 | Construir | Farm |
| 26:25 | Construir | Farm |
| 26:29 | Crear | Villager (Male) |
| 26:37 | Crear | Trade Cog |
| 26:54 | Crear | Fishing Ship |
| 26:54 | Crear | Fishing Ship |
| 26:59 | Crear | Fishing Ship |
| 27:09 | Crear | Villager (Male) |
Build order — shogun
Primeras 150 de 238 acciones detectadas
| 0:12 | Construir | Town Center |
| 0:50 | Construir | Dock |
| 0:53 | Construir | House |
| 2:35 | Crear | Villager (Male) |
| 2:35 | Crear | Villager (Male) |
| 2:35 | Crear | Villager (Male) |
| 2:36 | Crear | Villager (Male) |
| 2:36 | Crear | Villager (Male) |
| 2:46 | Crear | Fishing Ship |
| 3:17 | Investigar | Loom |
| 3:17 | Crear | Villager (Male) |
| 3:18 | Crear | Villager (Male) |
| 3:18 | Crear | Villager (Male) |
| 3:18 | Crear | Villager (Male) |
| 4:14 | Crear | Villager (Male) |
| 4:37 | Construir | House |
| 4:46 | Crear | Villager (Male) |
| 5:24 | Crear | Villager (Male) |
| 5:24 | Crear | Villager (Male) |
| 5:40 | Crear | Villager (Male) |
| 6:00 | Crear | Villager (Male) |
| 6:19 | Crear | Villager (Male) |
| 6:36 | Construir | House |
| 6:45 | Crear | Villager (Male) |
| 7:12 | Crear | Villager (Male) |
| 7:12 | Crear | Villager (Male) |
| 7:12 | Crear | Villager (Male) |
| 7:34 | Crear | Villager (Male) |
| 7:34 | Crear | Villager (Male) |
| 7:55 | Crear | Villager (Male) |
| 7:56 | Crear | Villager (Male) |
| 8:13 | Construir | House |
| 8:34 | Crear | Fishing Ship |
| 9:07 | Construir | Lumber Camp |
| 9:55 | Crear | Villager (Male) |
| 10:15 | Construir | Mining Camp |
| 10:44 | Investigar | Feudal Age |
| 11:01 | Construir | House |
| 12:06 | Construir | Dock |
| 12:12 | Crear | Villager (Male) |
| 12:27 | Crear | Villager (Male) |
| 12:27 | Crear | Villager (Male) |
| 12:47 | Edad | Edad Feudal |
| 12:55 | Crear | Unit 2626 |
| 13:03 | Crear | Unit 2626 |
| 13:08 | Crear | Villager (Male) |
| 13:08 | Crear | Villager (Male) |
| 13:39 | Crear | Unit 2626 |
| 13:47 | Construir | House |
| 13:50 | Crear | Villager (Male) |
| 13:50 | Crear | Villager (Male) |
| 13:50 | Crear | Villager (Male) |
| 14:03 | Investigar | Wheelbarrow |
| 14:06 | Investigar | Double-Bit Axe |
| 14:29 | Crear | Unit 2626 |
| 14:32 | Construir | House |
| 14:40 | Crear | Villager (Male) |
| 15:29 | Construir | Blacksmith |
| 15:51 | Crear | Villager (Male) |
| 15:52 | Crear | Villager (Male) |
| 16:00 | Crear | Fishing Ship |
| 16:01 | Crear | Fishing Ship |
| 16:16 | Crear | Villager (Male) |
| 16:16 | Crear | Villager (Male) |
| 16:20 | Investigar | Fletching |
| 16:20 | Investigar | Padded Archer Armor |
| 16:49 | Construir | Mill |
| 17:27 | Crear | Villager (Male) |
| 17:27 | Crear | Villager (Male) |
| 17:37 | Construir | Market |
| 17:49 | Construir | House |
| 17:57 | Construir | Lumber Camp |
| 18:18 | Investigar | Castle Age |
| 18:41 | Construir | Lumber Camp |
| 18:47 | Construir | House |
| 18:56 | Crear | Unit 2626 |
| 19:02 | Crear | Unit 2626 |
| 19:05 | Crear | Fire Galley |
| 19:09 | Crear | Fire Galley |
| 19:11 | Crear | Fire Galley |
| 19:12 | Crear | Fire Galley |
| 19:17 | Crear | Villager (Male) |
| 19:18 | Crear | Villager (Male) |
| 19:18 | Crear | Villager (Male) |
| 19:34 | Investigar | Gold Mining |
| 19:58 | Crear | Fire Galley |
| 19:59 | Crear | Fire Galley |
| 20:02 | Construir | House |
| 20:04 | Crear | Villager (Male) |
| 20:04 | Crear | Villager (Male) |
| 20:04 | Crear | Villager (Male) |
| 20:43 | Edad | Edad de los Castillos |
| 21:03 | Investigar | War Galley (upgrade) |
| 21:06 | Investigar | Bodkin Arrow |
| 21:11 | Construir | House |
| 21:12 | Crear | Villager (Male) |
| 21:24 | Construir | Town Center |
| 21:52 | Crear | Fire Galley |
| 21:53 | Crear | Fire Galley |
| 21:58 | Crear | Villager (Male) |
| 21:58 | Crear | Villager (Male) |
| 21:58 | Crear | Villager (Male) |
| 22:19 | Investigar | Bow Saw |
| 22:21 | Investigar | Horse Collar |
| 22:38 | Crear | Villager (Male) |
| 22:38 | Crear | Villager (Male) |
| 22:38 | Crear | Villager (Male) |
| 22:45 | Crear | Villager (Male) |
| 22:46 | Crear | Villager (Male) |
| 22:46 | Crear | Villager (Male) |
| 22:46 | Crear | Villager (Male) |
| 23:29 | Construir | Town Center |
| 23:36 | Construir | Farm |
| 23:38 | Construir | Farm |
| 23:39 | Construir | Farm |
| 23:40 | Construir | Farm |
| 23:42 | Construir | Farm |
| 23:42 | Construir | Farm |
| 23:43 | Construir | Farm |
| 23:51 | Crear | Villager (Male) |
| 23:51 | Crear | Villager (Male) |
| 23:59 | Construir | Lumber Camp |
| 24:06 | Construir | House |
| 24:07 | Construir | House |
| 24:15 | Crear | Villager (Male) |
| 24:16 | Crear | Villager (Male) |
| 24:37 | Crear | Villager (Male) |
| 24:38 | Crear | Villager (Male) |
| 24:53 | Crear | Villager (Male) |
| 24:53 | Crear | Villager (Male) |
| 25:07 | Crear | Villager (Male) |
| 25:07 | Crear | Villager (Male) |
| 25:07 | Crear | Villager (Male) |
| 25:15 | Construir | Mining Camp |
| 25:18 | Crear | Villager (Male) |
| 25:19 | Crear | Villager (Male) |
| 25:33 | Crear | Villager (Male) |
| 25:42 | Construir | Mill |
| 25:44 | Construir | Farm |
| 25:45 | Construir | Farm |
| 25:47 | Construir | Farm |
| 25:53 | Investigar | Heavy Plow |
| 25:54 | Crear | Villager (Male) |
| 25:54 | Crear | Villager (Male) |
| 25:57 | Construir | Farm |
| 25:57 | Construir | Farm |
| 25:59 | Construir | Farm |
| 26:00 | Construir | Farm |
| 26:01 | Construir | Farm |
| 26:03 | Construir | Farm |
Build order — MuhafıZ
126 acciones detectadas en el replay
| 0:15 | Construir | Town Center |
| 1:32 | Construir | House |
| 2:40 | Crear | Villager (Male) ×4 |
| 2:40 | Crear | Villager (Male) ×4 |
| 4:12 | Crear | Villager (Male) |
| 4:12 | Crear | Villager (Male) |
| 4:13 | Crear | Villager (Male) |
| 4:34 | Construir | Mill |
| 4:45 | Construir | House |
| 4:50 | Construir | House |
| 4:51 | Construir | House |
| 4:53 | Crear | Villager (Male) |
| 5:31 | Crear | Villager (Male) |
| 5:31 | Crear | Villager (Male) |
| 6:01 | Crear | Villager (Male) |
| 6:42 | Crear | Villager (Male) |
| 7:19 | Crear | Villager (Male) |
| 7:28 | Crear | Villager (Male) |
| 7:33 | Crear | Villager (Male) |
| 7:33 | Crear | Villager (Male) |
| 8:02 | Construir | Dock |
| 8:39 | Crear | Villager (Male) |
| 8:42 | Crear | Fishing Ship |
| 9:00 | Construir | House |
| 9:01 | Construir | House |
| 9:10 | Crear | Villager (Male) |
| 9:20 | Crear | Villager (Male) |
| 9:37 | Construir | House |
| 9:40 | Construir | House |
| 9:55 | Construir | House |
| 9:57 | Construir | House |
| 9:58 | Construir | House |
| 10:02 | Crear | Villager (Male) ×4 |
| 10:12 | Crear | Villager (Male) |
| 10:22 | Crear | Fishing Ship |
| 10:34 | Crear | Villager (Male) |
| 10:53 | Construir | House |
| 10:56 | Crear | Fishing Ship |
| 10:59 | Crear | Villager (Male) |
| 11:32 | Investigar | Feudal Age |
| 11:49 | Construir | House |
| 12:07 | Crear | Villager (Male) |
| 12:13 | Crear | Fishing Ship |
| 12:14 | Crear | Fishing Ship |
| 12:20 | Crear | Fishing Ship |
| 12:51 | Construir | Barracks |
| 12:59 | Construir | House |
| 13:00 | Construir | House |
| 13:03 | Investigar | Loom |
| 13:04 | Crear | Villager (Male) ×5 |
| 13:24 | Construir | Palisade Wall |
| 13:26 | Construir | Palisade Gate |
| 13:38 | Crear | Fishing Ship |
| 13:42 | Edad | Edad Feudal |
| 14:13 | Construir | Watch Tower |
| 14:56 | Crear | Villager (Male) |
| 14:56 | Crear | Villager (Male) |
| 14:58 | Crear | Spearman |
| 14:58 | Crear | Spearman |
| 14:59 | Crear | Spearman |
| 14:59 | Crear | Spearman |
| 15:21 | Construir | Mining Camp |
| 15:50 | Crear | Fire Galley |
| 16:02 | Crear | Villager (Male) |
| 16:34 | Construir | House |
| 16:35 | Construir | House |
| 16:44 | Construir | Market |
| 17:07 | Investigar | Wheelbarrow |
| 17:33 | Construir | Stable |
| 18:13 | Crear | Villager (Male) |
| 18:32 | Investigar | Castle Age |
| 18:39 | Construir | Mining Camp |
| 18:43 | Crear | Villager (Male) |
| 18:43 | Crear | Villager (Male) |
| 20:14 | Construir | Outpost |
| 20:24 | Construir | Lumber Camp |
| 20:24 | Construir | Lumber Camp |
| 21:18 | Edad | Edad de los Castillos |
| 22:01 | Crear | Knight |
| 22:01 | Crear | Knight |
| 22:17 | Construir | Stable |
| 23:17 | Construir | Castle |
| 23:45 | Construir | House |
| 23:53 | Crear | Villager (Male) |
| 23:53 | Crear | Villager (Male) |
| 23:54 | Crear | Villager (Male) |
| 24:04 | Construir | Farm |
| 24:04 | Construir | Farm |
| 24:04 | Construir | Farm |
| 24:04 | Construir | Farm |
| 24:05 | Construir | Farm |
| 24:05 | Construir | Farm |
| 24:05 | Construir | Farm |
| 24:38 | Construir | Blacksmith |
| 24:40 | Crear | Janissary |
| 24:40 | Crear | Janissary |
| 24:56 | Construir | Lumber Camp |
| 25:03 | Construir | Mining Camp |
| 25:15 | Construir | Farm |
| 25:18 | Construir | Farm |
| 25:21 | Construir | Farm |
| 25:24 | Construir | Farm |
| 25:26 | Construir | Farm |
| 25:36 | Crear | Knight |
| 25:37 | Crear | Knight |
| 25:37 | Crear | Knight |
| 25:37 | Crear | Knight |
| 25:54 | Crear | Janissary |
| 25:54 | Crear | Janissary |
| 26:40 | Crear | Janissary |
| 26:40 | Crear | Janissary |
| 27:05 | Crear | Janissary |
| 27:08 | Crear | Janissary |
| 27:46 | Crear | Janissary |
| 27:48 | Investigar | Padded Archer Armor |
| 28:44 | Crear | Knight |
| 28:44 | Crear | Knight |
| 28:45 | Crear | Knight |
| 29:59 | Crear | Janissary |
| 29:59 | Crear | Janissary |
| 29:59 | Crear | Janissary |
| 29:59 | Crear | Janissary |
| 30:00 | Crear | Janissary |
| 30:43 | Crear | Knight |
| 30:43 | Crear | Knight |
| 31:41 | Construir | House |
Build order — sandr1
Primeras 150 de 154 acciones detectadas
| 0:36 | Construir | Town Center |
| 2:43 | Crear | Villager (Male) |
| 2:44 | Crear | Villager (Male) |
| 2:44 | Crear | Villager (Male) |
| 2:44 | Crear | Villager (Male) |
| 2:45 | Crear | Villager (Male) |
| 4:03 | Crear | Villager (Male) |
| 4:45 | Crear | Villager (Male) |
| 4:55 | Crear | Villager (Male) |
| 4:56 | Crear | Villager (Male) |
| 5:48 | Crear | Villager (Male) |
| 5:48 | Crear | Villager (Male) |
| 6:33 | Crear | Villager (Male) |
| 6:55 | Crear | Villager (Male) |
| 7:21 | Crear | Villager (Male) |
| 7:38 | Crear | Villager (Male) |
| 7:48 | Crear | Villager (Male) |
| 8:13 | Crear | Villager (Male) |
| 8:31 | Crear | Villager (Male) |
| 8:43 | Crear | Villager (Male) |
| 9:06 | Crear | Villager (Male) |
| 9:22 | Crear | Villager (Male) |
| 9:48 | Construir | Mill |
| 10:37 | Crear | Villager (Male) |
| 10:48 | Crear | Villager (Male) |
| 11:07 | Construir | Mining Camp |
| 11:23 | Crear | Villager (Male) |
| 11:47 | Investigar | Loom |
| 11:58 | Investigar | Feudal Age |
| 12:05 | Crear | Villager (Male) |
| 12:32 | Crear | Villager (Male) |
| 13:01 | Construir | Mill |
| 13:33 | Construir | Barracks |
| 13:35 | Crear | Villager (Male) |
| 14:13 | Construir | Palisade Wall |
| 14:29 | Edad | Edad Feudal |
| 14:38 | Crear | Villager (Male) |
| 14:55 | Investigar | Horse Collar |
| 14:58 | Construir | Stable |
| 15:08 | Construir | Stone Wall |
| 15:10 | Crear | Villager (Male) |
| 16:02 | Construir | Market |
| 16:07 | Crear | Villager (Male) |
| 16:47 | Construir | Stone Wall |
| 16:51 | Construir | Gate |
| 16:53 | Crear | Villager (Male) |
| 16:58 | Construir | Farm |
| 16:59 | Construir | Farm |
| 16:59 | Construir | Farm |
| 17:01 | Construir | Farm |
| 17:02 | Construir | Farm |
| 17:16 | Investigar | Castle Age |
| 17:16 | Investigar | Castle Age |
| 17:22 | Construir | Farm |
| 17:24 | Construir | Farm |
| 18:00 | Construir | Mining Camp |
| 18:27 | Construir | Stone Wall |
| 18:34 | Construir | Gate |
| 18:50 | Crear | Villager (Male) |
| 19:49 | Investigar | Town Watch |
| 19:50 | Investigar | Wheelbarrow |
| 20:04 | Edad | Edad de los Castillos |
| 20:18 | Construir | Town Center |
| 20:49 | Investigar | Bloodlines |
| 20:57 | Investigar | Heavy Plow |
| 21:03 | Crear | Villager (Male) |
| 21:03 | Crear | Villager (Male) |
| 21:26 | Investigar | Husbandry |
| 21:39 | Crear | Villager (Male) |
| 21:55 | Construir | Farm |
| 21:57 | Construir | Farm |
| 21:58 | Construir | Farm |
| 21:59 | Construir | Farm |
| 22:08 | Crear | Villager (Male) |
| 22:31 | Construir | Stone Wall |
| 22:37 | Construir | Gate |
| 22:39 | Crear | Villager (Male) |
| 22:40 | Crear | Villager (Male) |
| 22:46 | Construir | Farm |
| 22:50 | Construir | Farm |
| 22:53 | Crear | Villager (Male) |
| 23:08 | Crear | Villager (Male) |
| 23:11 | Crear | Villager (Male) |
| 23:42 | Crear | Knight |
| 23:42 | Crear | Knight |
| 23:48 | Crear | Villager (Male) |
| 24:09 | Construir | Town Center |
| 24:36 | Crear | Villager (Male) |
| 24:36 | Crear | Villager (Male) |
| 24:37 | Crear | Villager (Male) |
| 24:38 | Crear | Villager (Male) |
| 24:44 | Crear | Knight |
| 24:45 | Crear | Knight |
| 24:57 | Crear | Villager (Male) |
| 25:07 | Construir | Farm |
| 25:08 | Construir | Farm |
| 25:09 | Construir | Farm |
| 25:11 | Construir | Farm |
| 25:32 | Crear | Villager (Male) |
| 25:33 | Crear | Villager (Male) |
| 25:34 | Crear | Villager (Male) |
| 25:35 | Crear | Villager (Male) |
| 25:47 | Construir | Lumber Camp |
| 25:52 | Crear | Villager (Male) |
| 26:25 | Crear | Villager (Male) |
| 26:26 | Crear | Villager (Male) |
| 26:27 | Crear | Villager (Male) |
| 26:30 | Crear | Villager (Male) |
| 26:42 | Crear | Villager (Male) |
| 26:42 | Crear | Villager (Male) |
| 26:47 | Construir | Farm |
| 26:48 | Construir | Farm |
| 27:05 | Construir | Farm |
| 27:07 | Crear | Villager (Male) |
| 27:08 | Crear | Villager (Male) |
| 27:08 | Crear | Villager (Male) |
| 27:24 | Construir | University |
| 27:27 | Crear | Villager (Male) |
| 27:28 | Crear | Villager (Male) |
| 27:28 | Crear | Villager (Male) |
| 28:06 | Construir | Castle |
| 28:10 | Crear | Villager (Male) |
| 28:11 | Crear | Villager (Male) |
| 28:12 | Crear | Villager (Male) |
| 28:16 | Construir | Farm |
| 28:50 | Construir | Blacksmith |
| 28:53 | Construir | Farm |
| 28:54 | Crear | Villager (Male) |
| 28:54 | Crear | Villager (Male) |
| 28:55 | Crear | Villager (Male) |
| 28:55 | Crear | Villager (Male) |
| 28:56 | Crear | Villager (Male) |
| 28:56 | Crear | Villager (Male) |
| 29:10 | Crear | Villager (Male) |
| 29:14 | Crear | Villager (Male) |
| 29:15 | Crear | Villager (Male) |
| 29:15 | Crear | Villager (Male) |
| 30:06 | Crear | Villager (Male) |
| 30:06 | Crear | Villager (Male) |
| 30:07 | Crear | Villager (Male) |
| 30:07 | Crear | Villager (Male) |
| 30:32 | Crear | Villager (Male) |
| 30:33 | Crear | Villager (Male) |
| 30:33 | Crear | Villager (Male) |
| 30:33 | Crear | Villager (Male) |
| 30:34 | Crear | Villager (Male) |
| 30:34 | Crear | Villager (Male) |
| 30:39 | Construir | Siege Workshop |
| 30:42 | Construir | Farm |
| 30:43 | Construir | Farm |
Build order — Birkules
Primeras 150 de 203 acciones detectadas
| 0:23 | Construir | Town Center |
| 2:55 | Crear | Villager (Male) |
| 2:55 | Crear | Villager (Male) |
| 2:55 | Crear | Villager (Male) |
| 2:55 | Crear | Villager (Male) |
| 2:56 | Crear | Villager (Male) |
| 4:25 | Crear | Villager (Male) |
| 4:25 | Crear | Villager (Male) |
| 4:59 | Investigar | Loom |
| 5:11 | Crear | Villager (Male) |
| 5:11 | Crear | Villager (Male) |
| 5:49 | Construir | Dock |
| 5:51 | Crear | Villager (Male) |
| 5:51 | Crear | Villager (Male) |
| 6:13 | Crear | Villager (Male) |
| 6:13 | Crear | Villager (Male) |
| 6:14 | Crear | Villager (Male) |
| 6:18 | Crear | Villager (Male) |
| 6:19 | Crear | Villager (Male) |
| 6:34 | Crear | Fishing Ship |
| 6:50 | Crear | Villager (Male) |
| 6:50 | Crear | Villager (Male) |
| 7:24 | Crear | Villager (Male) |
| 7:24 | Crear | Villager (Male) |
| 7:51 | Crear | Fishing Ship |
| 7:57 | Crear | Villager (Male) |
| 7:57 | Crear | Villager (Male) |
| 8:25 | Crear | Villager (Male) |
| 8:25 | Crear | Villager (Male) |
| 8:39 | Crear | Fishing Ship |
| 8:48 | Crear | Villager (Male) |
| 8:49 | Crear | Villager (Male) |
| 9:18 | Crear | Villager (Male) |
| 9:19 | Crear | Villager (Male) |
| 9:49 | Crear | Villager (Male) |
| 9:50 | Crear | Villager (Male) |
| 9:58 | Construir | Lumber Camp |
| 10:34 | Crear | Villager (Male) |
| 10:47 | Crear | Villager (Male) |
| 11:05 | Crear | Fishing Ship |
| 11:24 | Investigar | Feudal Age |
| 11:54 | Construir | Mining Camp |
| 12:34 | Construir | Mill |
| 12:56 | Crear | Villager (Male) |
| 12:56 | Crear | Villager (Male) |
| 12:59 | Crear | Fishing Ship |
| 13:19 | Construir | Barracks |
| 13:33 | Crear | Villager (Male) |
| 13:34 | Edad | Edad Feudal |
| 13:35 | Crear | Villager (Male) |
| 13:50 | Crear | Fishing Ship |
| 14:08 | Crear | Villager (Male) |
| 14:09 | Crear | Villager (Male) |
| 14:28 | Crear | Villager (Male) |
| 14:36 | Construir | Blacksmith |
| 14:42 | Crear | Villager (Male) |
| 14:51 | Investigar | Double-Bit Axe |
| 15:41 | Construir | Archery Range |
| 16:15 | Investigar | Castle Age |
| 16:21 | Construir | Mining Camp |
| 17:36 | Crear | Villager (Male) |
| 17:36 | Crear | Villager (Male) |
| 17:43 | Construir | Stable |
| 17:47 | Construir | Stable |
| 18:05 | Crear | Villager (Male) |
| 18:15 | Investigar | Gold Mining |
| 18:56 | Construir | Dock |
| 19:09 | Edad | Edad de los Castillos |
| 19:10 | Crear | Villager (Male) |
| 19:20 | Investigar | Bloodlines |
| 19:22 | Investigar | Husbandry |
| 19:46 | Crear | Unit 2626 |
| 19:47 | Crear | Unit 2626 |
| 19:57 | Crear | Villager (Male) |
| 19:58 | Crear | Villager (Male) |
| 20:46 | Crear | Knight |
| 20:47 | Crear | Knight |
| 20:47 | Crear | Knight |
| 21:10 | Construir | Town Center |
| 21:16 | Crear | Villager (Male) |
| 21:16 | Crear | Villager (Male) |
| 21:24 | Crear | Knight |
| 21:25 | Crear | Knight |
| 21:49 | Crear | Villager (Male) |
| 21:49 | Crear | Villager (Male) |
| 22:12 | Crear | Villager (Male) |
| 22:12 | Crear | Villager (Male) |
| 22:12 | Crear | Villager (Male) |
| 22:15 | Investigar | Wheelbarrow |
| 22:51 | Crear | Unit 2626 |
| 22:52 | Crear | Unit 2626 |
| 22:55 | Crear | Villager (Male) |
| 22:55 | Crear | Villager (Male) |
| 22:56 | Crear | Villager (Male) |
| 22:56 | Crear | Villager (Male) |
| 23:04 | Crear | Knight |
| 23:16 | Construir | Town Center |
| 23:28 | Crear | Unit 2626 |
| 23:41 | Investigar | War Galley (upgrade) |
| 23:44 | Crear | Villager (Male) |
| 23:44 | Crear | Villager (Male) |
| 23:44 | Crear | Villager (Male) |
| 23:58 | Investigar | Bow Saw |
| 24:02 | Crear | Knight |
| 24:02 | Crear | Knight |
| 24:16 | Crear | Unit 2626 |
| 24:23 | Crear | Villager (Male) |
| 24:23 | Crear | Villager (Male) |
| 24:36 | Crear | Knight |
| 24:36 | Crear | Knight |
| 24:42 | Construir | Castle |
| 24:45 | Crear | Villager (Male) |
| 24:46 | Crear | Villager (Male) |
| 24:46 | Crear | Villager (Male) |
| 24:55 | Crear | Unit 2626 |
| 25:06 | Crear | Villager (Male) |
| 25:06 | Crear | Villager (Male) |
| 25:17 | Crear | Cavalry Archer |
| 25:17 | Crear | Cavalry Archer |
| 25:18 | Crear | Cavalry Archer |
| 25:18 | Crear | Cavalry Archer |
| 25:18 | Crear | Cavalry Archer |
| 25:32 | Crear | Villager (Male) |
| 25:32 | Crear | Villager (Male) |
| 25:40 | Crear | Cavalry Archer |
| 25:41 | Crear | Cavalry Archer |
| 25:41 | Crear | Cavalry Archer |
| 25:41 | Crear | Cavalry Archer |
| 26:00 | Crear | Villager (Male) |
| 26:01 | Crear | Villager (Male) |
| 26:01 | Crear | Villager (Male) |
| 26:12 | Crear | Villager (Male) |
| 26:12 | Crear | Villager (Male) |
| 26:15 | Construir | Farm |
| 26:16 | Construir | Farm |
| 26:18 | Construir | Farm |
| 26:34 | Crear | Villager (Male) |
| 26:34 | Crear | Villager (Male) |
| 26:34 | Crear | Villager (Male) |
| 26:45 | Crear | Cavalry Archer |
| 26:46 | Crear | Cavalry Archer |
| 26:46 | Crear | Cavalry Archer |
| 27:20 | Crear | Villager (Male) |
| 27:20 | Crear | Villager (Male) |
| 27:22 | Crear | Cavalry Archer |
| 27:22 | Crear | Cavalry Archer |
| 28:05 | Crear | Villager (Male) |
| 28:05 | Crear | Villager (Male) |
| 28:05 | Crear | Villager (Male) |
| 28:06 | Crear | Villager (Male) |
Build order — 蒜香骨
146 acciones detectadas en el replay
| 0:22 | Construir | Town Center |
| 1:03 | Construir | House |
| 1:16 | Construir | Outpost |
| 1:22 | Construir | Palisade Wall |
| 1:23 | Construir | Palisade Wall |
| 1:23 | Construir | Palisade Wall |
| 1:58 | Construir | Dock |
| 2:54 | Crear | Villager (Male) |
| 2:54 | Crear | Villager (Male) |
| 2:54 | Crear | Villager (Male) |
| 2:55 | Crear | Villager (Male) |
| 2:55 | Crear | Villager (Male) |
| 4:26 | Crear | Fishing Ship |
| 4:31 | Crear | Villager (Male) |
| 4:52 | Investigar | Loom |
| 5:09 | Crear | Fishing Ship |
| 5:46 | Construir | House |
| 5:52 | Crear | Villager (Male) |
| 5:53 | Crear | Villager (Male) |
| 5:53 | Crear | Villager (Male) |
| 6:34 | Crear | Villager (Male) |
| 6:34 | Crear | Villager (Male) |
| 6:49 | Construir | House |
| 6:51 | Crear | Villager (Male) |
| 7:24 | Crear | Fishing Ship |
| 7:26 | Crear | Villager (Male) |
| 7:36 | Crear | Villager (Male) |
| 7:39 | Crear | Villager (Male) |
| 8:01 | Crear | Villager (Male) |
| 8:26 | Construir | House |
| 8:27 | Crear | Fishing Ship |
| 8:29 | Crear | Villager (Male) |
| 8:31 | Crear | Villager (Male) |
| 8:31 | Crear | Villager (Male) |
| 9:07 | Construir | Lumber Camp |
| 9:34 | Crear | Villager (Male) |
| 10:10 | Crear | Fishing Ship |
| 10:29 | Construir | Mill |
| 10:38 | Crear | Villager (Male) |
| 11:07 | Investigar | Feudal Age |
| 11:19 | Construir | House |
| 11:39 | Construir | Mining Camp |
| 11:53 | Construir | House |
| 12:00 | Construir | Palisade Wall |
| 12:00 | Construir | Palisade Wall |
| 12:02 | Construir | Palisade Wall |
| 12:39 | Crear | Villager (Male) |
| 12:56 | Construir | Outpost |
| 12:59 | Crear | Villager (Male) |
| 13:09 | Construir | Outpost |
| 13:14 | Crear | Villager (Male) |
| 13:17 | Edad | Edad Feudal |
| 13:20 | Construir | Market |
| 13:24 | Crear | Villager (Male) |
| 13:26 | Crear | Demolition Raft |
| 13:36 | Construir | Watch Tower |
| 13:52 | Construir | Blacksmith |
| 13:58 | Crear | Fishing Ship |
| 13:58 | Crear | Fishing Ship |
| 14:11 | Crear | Villager (Male) |
| 14:13 | Investigar | Double-Bit Axe |
| 14:15 | Crear | Villager (Male) |
| 15:03 | Construir | Mining Camp |
| 16:38 | Investigar | Castle Age |
| 17:06 | Construir | Barracks |
| 17:17 | Construir | Farm |
| 17:17 | Construir | Farm |
| 17:18 | Construir | Farm |
| 17:18 | Construir | Farm |
| 17:23 | Investigar | Horse Collar |
| 18:20 | Construir | Archery Range |
| 18:23 | Crear | Villager (Male) |
| 18:28 | Crear | Villager (Male) |
| 19:18 | Edad | Edad de los Castillos |
| 19:23 | Construir | Siege Workshop |
| 19:31 | Crear | Cavalry Archer |
| 19:34 | Crear | Cavalry Archer |
| 19:35 | Crear | Villager (Male) |
| 19:37 | Crear | Villager (Male) |
| 19:46 | Crear | Villager (Male) |
| 19:54 | Crear | Mangonel |
| 20:05 | Construir | House |
| 20:41 | Crear | Mangonel |
| 21:03 | Crear | Skirmisher |
| 21:06 | Crear | Cavalry Archer |
| 21:07 | Crear | Archer |
| 21:38 | Crear | Cavalry Archer |
| 21:39 | Crear | Villager (Male) |
| 21:39 | Crear | Villager (Male) |
| 21:41 | Construir | Farm |
| 21:41 | Construir | Farm |
| 21:41 | Construir | Farm |
| 21:54 | Crear | Villager (Male) |
| 22:02 | Construir | Farm |
| 22:10 | Crear | Villager (Male) |
| 22:50 | Crear | Villager (Male) |
| 23:01 | Construir | Monastery |
| 23:13 | Crear | Villager (Male) |
| 23:19 | Construir | Town Center |
| 23:29 | Crear | Cavalry Archer |
| 23:29 | Crear | Cavalry Archer |
| 23:49 | Construir | Farm |
| 23:56 | Crear | Monk |
| 24:30 | Construir | Mining Camp |
| 24:46 | Crear | Battering Ram |
| 24:47 | Crear | Villager (Male) |
| 24:48 | Crear | Villager (Male) |
| 24:48 | Crear | Villager (Male) |
| 24:49 | Crear | Villager (Male) |
| 24:54 | Construir | Lumber Camp |
| 25:18 | Crear | Villager (Male) |
| 25:29 | Crear | Battering Ram |
| 25:30 | Crear | Battering Ram |
| 25:35 | Crear | Villager (Male) |
| 25:59 | Construir | House |
| 26:00 | Construir | House |
| 26:00 | Construir | House |
| 26:09 | Crear | Battering Ram |
| 26:13 | Crear | Villager (Male) |
| 26:19 | Construir | House |
| 26:23 | Investigar | Wheelbarrow |
| 26:23 | Investigar | Wheelbarrow |
| 26:42 | Construir | House |
| 26:43 | Construir | House |
| 26:49 | Crear | Villager (Male) |
| 26:50 | Crear | Villager (Male) |
| 26:58 | Construir | House |
| 27:03 | Crear | Monk |
| 27:15 | Crear | Battering Ram |
| 27:21 | Crear | Villager (Male) |
| 27:30 | Construir | Farm |
| 27:32 | Construir | Farm |
| 27:50 | Crear | Battering Ram |
| 28:12 | Crear | Skirmisher |
| 28:32 | Crear | Skirmisher |
| 28:39 | Crear | Villager (Male) |
| 28:39 | Crear | Villager (Male) |
| 28:40 | Crear | Villager (Male) |
| 28:53 | Construir | Archery Range |
| 29:41 | Crear | Skirmisher |
| 29:44 | Construir | Farm |
| 29:46 | Crear | Skirmisher |
| 29:46 | Crear | Skirmisher |
| 29:49 | Investigar | Elite Skirmisher (upgrade) |
| 29:49 | Investigar | Elite Skirmisher (upgrade) |
| 30:02 | Crear | Villager (Male) |
Build order — luanb10
Primeras 150 de 286 acciones detectadas
| 0:08 | Construir | Town Center |
| 0:57 | Construir | Dock |
| 1:06 | Construir | House |
| 2:29 | Crear | Villager (Male) |
| 2:30 | Crear | Villager (Male) |
| 2:30 | Crear | Villager (Male) |
| 2:30 | Crear | Villager (Male) |
| 3:43 | Crear | Fishing Ship |
| 3:43 | Crear | Fishing Ship |
| 3:59 | Crear | Villager (Male) |
| 4:16 | Construir | House |
| 4:35 | Investigar | Loom |
| 4:58 | Crear | Villager (Male) |
| 4:59 | Crear | Villager (Male) |
| 5:09 | Crear | Fishing Ship |
| 5:09 | Crear | Fishing Ship |
| 5:25 | Crear | Villager (Male) |
| 5:30 | Construir | House |
| 5:47 | Crear | Villager (Male) |
| 5:47 | Crear | Villager (Male) |
| 5:58 | Crear | Fishing Ship |
| 5:58 | Crear | Fishing Ship |
| 6:10 | Crear | Villager (Male) |
| 6:10 | Crear | Villager (Male) |
| 6:26 | Crear | Villager (Male) |
| 6:42 | Crear | Villager (Male) |
| 6:43 | Crear | Villager (Male) |
| 6:45 | Crear | Fishing Ship |
| 6:45 | Crear | Fishing Ship |
| 7:08 | Crear | Villager (Male) |
| 7:08 | Crear | Villager (Male) |
| 7:12 | Construir | House |
| 7:18 | Crear | Villager (Male) |
| 7:29 | Crear | Villager (Male) |
| 7:29 | Crear | Villager (Male) |
| 7:31 | Crear | Fishing Ship |
| 7:31 | Crear | Fishing Ship |
| 7:46 | Crear | Villager (Male) |
| 7:58 | Crear | Villager (Male) |
| 7:58 | Crear | Villager (Male) |
| 8:12 | Crear | Fishing Ship |
| 8:13 | Crear | Fishing Ship |
| 8:19 | Construir | House |
| 8:22 | Crear | Villager (Male) |
| 8:22 | Crear | Villager (Male) |
| 8:22 | Crear | Villager (Male) |
| 8:23 | Crear | Villager (Male) |
| 8:45 | Crear | Villager (Male) |
| 9:20 | Construir | Mill |
| 9:24 | Crear | Villager (Male) |
| 9:52 | Investigar | Feudal Age |
| 10:03 | Construir | Mining Camp |
| 10:41 | Construir | Dock |
| 10:56 | Crear | Villager (Male) |
| 10:57 | Crear | Villager (Male) |
| 11:15 | Construir | House |
| 11:36 | Crear | Villager (Male) |
| 11:36 | Crear | Villager (Male) |
| 12:07 | Crear | Fishing Ship |
| 12:07 | Crear | Fishing Ship |
| 12:10 | Edad | Edad Feudal |
| 12:16 | Crear | Galley |
| 12:16 | Crear | Galley |
| 12:19 | Crear | Galley |
| 12:29 | Crear | Villager (Male) |
| 12:33 | Construir | Blacksmith |
| 13:06 | Crear | Villager (Male) |
| 13:11 | Construir | Market |
| 13:35 | Construir | House |
| 13:35 | Construir | House |
| 13:53 | Construir | Mining Camp |
| 14:14 | Crear | Villager (Male) |
| 14:26 | Construir | Lumber Camp |
| 14:33 | Crear | Villager (Male) |
| 15:09 | Investigar | Castle Age |
| 15:09 | Investigar | Castle Age |
| 15:49 | Crear | Villager (Male) |
| 16:06 | Investigar | Fletching |
| 16:06 | Investigar | Fletching |
| 16:09 | Investigar | Double-Bit Axe |
| 16:09 | Investigar | Double-Bit Axe |
| 16:57 | Crear | Villager (Male) |
| 16:57 | Crear | Villager (Male) |
| 17:49 | Edad | Edad de los Castillos |
| 17:57 | Crear | Villager (Male) |
| 17:57 | Crear | Villager (Male) |
| 18:01 | Construir | Town Center |
| 18:03 | Investigar | Bow Saw |
| 18:03 | Investigar | Bow Saw |
| 18:04 | Crear | Villager (Male) |
| 18:18 | Crear | Villager (Male) |
| 18:33 | Construir | Town Center |
| 18:53 | Crear | Villager (Male) |
| 19:23 | Crear | Villager (Male) |
| 19:23 | Crear | Villager (Male) |
| 19:23 | Crear | Villager (Male) |
| 20:05 | Construir | Castle |
| 20:07 | Crear | Villager (Male) |
| 20:20 | Crear | Villager (Male) |
| 20:20 | Crear | Villager (Male) |
| 20:20 | Crear | Villager (Male) |
| 20:43 | Crear | Villager (Male) |
| 20:43 | Crear | Villager (Male) |
| 20:51 | Investigar | Bodkin Arrow |
| 20:52 | Investigar | Bodkin Arrow |
| 21:07 | Construir | House |
| 21:08 | Construir | House |
| 21:08 | Construir | House |
| 21:09 | Crear | Villager (Male) |
| 21:13 | Crear | Villager (Male) |
| 21:13 | Crear | Villager (Male) |
| 21:32 | Crear | Villager (Male) |
| 21:57 | Construir | University |
| 21:59 | Crear | Villager (Male) |
| 22:00 | Crear | Villager (Male) |
| 22:02 | Crear | Villager (Male) |
| 22:02 | Crear | Villager (Male) |
| 22:02 | Crear | Villager (Male) |
| 22:02 | Crear | Villager (Male) |
| 22:20 | Construir | Mining Camp |
| 22:28 | Crear | Villager (Male) |
| 22:28 | Crear | Villager (Male) |
| 22:29 | Crear | Villager (Male) |
| 22:31 | Crear | Mangudai |
| 22:31 | Crear | Mangudai |
| 22:50 | Crear | Villager (Male) |
| 22:51 | Crear | Villager (Male) |
| 22:51 | Crear | Villager (Male) |
| 22:52 | Crear | Villager (Male) |
| 22:52 | Crear | Villager (Male) |
| 22:53 | Crear | Villager (Male) |
| 22:53 | Crear | Villager (Male) |
| 23:08 | Crear | Mangudai |
| 23:09 | Crear | Mangudai |
| 23:13 | Investigar | Gold Mining |
| 23:13 | Investigar | Gold Mining |
| 23:16 | Crear | Villager (Male) |
| 23:17 | Crear | Villager (Male) |
| 23:17 | Crear | Villager (Male) |
| 23:17 | Crear | Villager (Male) |
| 23:21 | Construir | Farm |
| 23:22 | Construir | Farm |
| 23:24 | Construir | Farm |
| 23:27 | Construir | Farm |
| 23:29 | Construir | Lumber Camp |
| 23:37 | Crear | Villager (Male) |
| 23:39 | Crear | Mangudai |
| 23:40 | Crear | Mangudai |
| 24:20 | Crear | Mangudai |
| 24:23 | Crear | Villager (Male) |
Build order — 2ʙ♥ˡᵒᵛᵉᵧₒᵤ
142 acciones detectadas en el replay
| 0:28 | Construir | Town Center |
| 2:03 | Construir | House |
| 2:07 | Construir | House |
| 3:23 | Crear | Villager (Male) ×4 |
| 3:25 | Investigar | Loom |
| 3:37 | Crear | Villager (Male) ×3 |
| 4:16 | Construir | Palisade Wall |
| 5:02 | Construir | Dock |
| 5:46 | Crear | Fishing Ship |
| 6:35 | Crear | Villager (Male) |
| 7:02 | Crear | Villager (Male) |
| 7:11 | Crear | Villager (Male) |
| 8:06 | Crear | Villager (Male) ×2 |
| 8:08 | Crear | Villager (Male) |
| 8:08 | Crear | Villager (Male) |
| 8:17 | Crear | Villager (Male) |
| 8:33 | Crear | Villager (Male) |
| 9:02 | Construir | House |
| 9:30 | Crear | Fishing Ship |
| 9:35 | Crear | Villager (Male) |
| 9:48 | Crear | Villager (Male) |
| 10:04 | Crear | Fishing Ship |
| 10:20 | Crear | Villager (Male) |
| 10:59 | Crear | Villager (Male) |
| 11:06 | Construir | Mill |
| 11:15 | Construir | House |
| 11:18 | Construir | House |
| 11:26 | Crear | Villager (Male) |
| 11:44 | Crear | Villager (Male) |
| 11:47 | Crear | Fishing Ship |
| 12:11 | Crear | Villager (Male) |
| 12:17 | Crear | Fishing Ship |
| 12:48 | Construir | Lumber Camp |
| 13:07 | Crear | Villager (Male) |
| 13:27 | Investigar | Feudal Age |
| 13:44 | Crear | Villager (Male) |
| 13:51 | Crear | Fishing Ship |
| 13:54 | Construir | House |
| 13:55 | Construir | House |
| 13:56 | Construir | House |
| 13:57 | Construir | House |
| 14:30 | Construir | Barracks |
| 15:41 | Construir | Dock |
| 15:43 | Edad | Edad Feudal |
| 15:48 | Crear | Villager (Male) |
| 15:53 | Crear | Fire Galley |
| 16:14 | Crear | Villager (Male) |
| 16:39 | Investigar | Horse Collar |
| 16:40 | Investigar | Double-Bit Axe |
| 16:44 | Construir | Stable |
| 16:46 | Construir | Blacksmith |
| 16:50 | Construir | Farm |
| 16:52 | Construir | Farm |
| 16:53 | Construir | Farm |
| 16:55 | Crear | Villager (Male) |
| 17:26 | Crear | Villager (Male) |
| 17:29 | Construir | Farm |
| 17:51 | Crear | Villager (Male) |
| 18:06 | Crear | Villager (Male) |
| 18:10 | Construir | Farm |
| 18:24 | Crear | Villager (Male) |
| 18:26 | Construir | House |
| 18:37 | Construir | Mining Camp |
| 19:09 | Crear | Villager (Male) |
| 19:23 | Construir | Farm |
| 19:23 | Construir | Farm |
| 19:23 | Construir | Farm |
| 19:23 | Construir | Farm |
| 19:24 | Construir | Farm |
| 19:26 | Construir | Farm |
| 19:31 | Construir | Farm |
| 19:33 | Crear | Villager (Male) |
| 20:02 | Crear | Villager (Male) |
| 20:10 | Crear | Villager (Male) |
| 20:15 | Construir | Farm |
| 20:22 | Crear | Scout Cavalry |
| 20:25 | Construir | Barracks |
| 20:26 | Construir | Barracks |
| 20:50 | Crear | Villager (Male) |
| 21:09 | Crear | Villager (Male) |
| 21:26 | Construir | Mill |
| 21:28 | Construir | Farm |
| 21:28 | Construir | Farm |
| 21:30 | Construir | Farm |
| 21:33 | Construir | Farm |
| 21:34 | Construir | Farm |
| 21:36 | Construir | Farm |
| 21:37 | Construir | Farm |
| 21:49 | Crear | Villager (Male) |
| 22:12 | Crear | Villager (Male) |
| 22:31 | Investigar | Castle Age |
| 22:46 | Construir | Farm |
| 22:59 | Construir | Mining Camp |
| 23:02 | Crear | Villager (Male) |
| 23:32 | Investigar | Wheelbarrow |
| 23:39 | Investigar | Stone Mining |
| 23:46 | Investigar | Gold Mining |
| 25:19 | Edad | Edad de los Castillos |
| 25:33 | Construir | Town Center |
| 25:45 | Construir | Town Center |
| 26:02 | Crear | Villager (Male) |
| 26:07 | Investigar | Gold Shaft Mining |
| 26:11 | Investigar | Heavy Plow |
| 26:21 | Investigar | Bow Saw |
| 26:29 | Crear | Villager (Male) |
| 26:50 | Crear | Villager (Male) |
| 26:58 | Crear | Villager (Male) |
| 27:03 | Crear | Villager (Male) |
| 27:25 | Crear | Villager (Male) |
| 27:45 | Construir | Siege Workshop |
| 27:47 | Crear | Villager (Male) |
| 27:52 | Crear | Villager (Male) |
| 28:03 | Crear | Villager (Male) |
| 28:06 | Crear | Villager (Male) |
| 28:18 | Construir | Farm |
| 28:21 | Crear | Villager (Male) |
| 28:29 | Construir | University |
| 28:36 | Crear | Villager (Male) |
| 28:56 | Crear | Villager (Male) |
| 29:00 | Construir | Farm |
| 29:06 | Crear | Villager (Male) |
| 29:13 | Crear | Villager (Male) |
| 29:15 | Investigar | Imperial Age |
| 29:20 | Crear | Villager (Male) |
| 29:31 | Crear | Villager (Male) |
| 29:36 | Construir | Mining Camp |
| 29:41 | Crear | Villager (Male) |
| 29:49 | Crear | Villager (Male) |
| 29:54 | Crear | Villager (Male) |
| 29:56 | Crear | Villager (Male) |
| 30:00 | Construir | Siege Workshop |
| 30:02 | Construir | Siege Workshop |
| 30:04 | Construir | Siege Workshop |
| 30:06 | Crear | Villager (Male) |
| 30:18 | Crear | Villager (Male) |
| 30:34 | Construir | Farm |
| 30:35 | Construir | Farm |
| 30:36 | Construir | Farm |
| 30:43 | Investigar | Hand Cart |
| 30:49 | Crear | Villager (Male) |
| 30:59 | Crear | Villager (Male) |
| 31:07 | Crear | Villager (Male) |
Cronología de la partida
| 0:50 | shogun · first_building Dock |
| 0:57 | luanb10 · first_building Dock |
| 0:58 | SICKOISM SICKOISM · first_building Dock |
| 1:22 | 蒜香骨 · wall_segment Palisade Wall x1 |
| 1:23 | 蒜香骨 · wall_segment Palisade Wall x1 |
| 1:23 | 蒜香骨 · wall_segment Palisade Wall x1 |
| 1:58 | 蒜香骨 · first_building Dock |
| 2:25 | SICKOISM SICKOISM · wall_segment Palisade Wall x1 |
| 2:29 | SICKOISM SICKOISM · wall_segment Palisade Wall x1 |
| 4:16 | 2ʙ♥ˡᵒᵛᵉᵧₒᵤ · wall_segment Palisade Wall x1 |
| 5:02 | 2ʙ♥ˡᵒᵛᵉᵧₒᵤ · first_building Dock |
| 5:49 | Birkules · first_building Dock |
| 8:02 | MuhafıZ · first_building Dock |
| 12:00 | 蒜香骨 · wall_segment Palisade Wall x1 |
| 12:00 | 蒜香骨 · wall_segment Palisade Wall x1 |
| 12:02 | 蒜香骨 · wall_segment Palisade Wall x1 |
| 12:10 | luanb10 · age_up feudal |
| 12:47 | shogun · age_up feudal |
| 12:51 | MuhafıZ · first_building Barracks |
| 13:17 | 蒜香骨 · age_up feudal |
| 13:19 | Birkules · first_building Barracks |
| 13:24 | MuhafıZ · wall_segment Palisade Wall x8 |
| 13:33 | sandr1 · first_building Barracks |
| 13:34 | Birkules · age_up feudal |
| 13:42 | MuhafıZ · age_up feudal |
| 13:50 | SICKOISM SICKOISM · age_up feudal |
| 14:13 | sandr1 · wall_segment Palisade Wall x7 |
| 14:29 | sandr1 · age_up feudal |
| 14:30 | 2ʙ♥ˡᵒᵛᵉᵧₒᵤ · first_building Barracks |
| 14:31 | luanb10 · first_market_buy 100 food |
| 14:58 | sandr1 · first_building Stable |
| 15:08 | sandr1 · wall_segment Stone Wall x3 |
| 15:41 | Birkules · first_building Archery Range |
| 15:43 | 2ʙ♥ˡᵒᵛᵉᵧₒᵤ · age_up feudal |
| 15:56 | 蒜香骨 · first_market_sell 100 wood |
| 15:57 | 蒜香骨 · first_market_buy 100 food |
| 16:44 | 2ʙ♥ˡᵒᵛᵉᵧₒᵤ · first_building Stable |
| 16:47 | sandr1 · wall_segment Stone Wall x7 |
| 17:06 | 蒜香骨 · first_building Barracks |
| 17:33 | MuhafıZ · first_building Stable |
| 17:43 | Birkules · first_building Stable |
| 17:49 | luanb10 · age_up castle |
| 18:16 | MuhafıZ · first_market_sell 100 wood |
| 18:20 | 蒜香骨 · first_building Archery Range |
| 18:27 | sandr1 · wall_segment Stone Wall x12 |
| 18:41 | SICKOISM SICKOISM · age_up castle |
| 19:09 | Birkules · age_up castle |
| 19:18 | 蒜香骨 · age_up castle |
| 19:23 | 蒜香骨 · first_building Siege Workshop |
| 20:04 | sandr1 · age_up castle |
| 20:05 | luanb10 · first_building Castle |
| 20:43 | shogun · age_up castle |
| 20:45 | MuhafıZ · first_market_buy 100 stone |
| 21:18 | MuhafıZ · age_up castle |
| 22:09 | luanb10 · tribute_sent a jugador 1 |
| 22:09 | luanb10 · tribute_sent a jugador 2 |
| 22:09 | luanb10 · tribute_sent a jugador 3 |
| 22:09 | luanb10 · tribute_sent a jugador 4 |
| 22:09 | luanb10 · tribute_sent a jugador 5 |
| 22:09 | luanb10 · tribute_sent a jugador 7 |
| 22:09 | luanb10 · tribute_sent a jugador 8 |
| 22:31 | sandr1 · wall_segment Stone Wall x13 |
| 23:01 | 蒜香骨 · first_building Monastery |
| 23:17 | MuhafıZ · first_building Castle |
| 24:42 | Birkules · first_building Castle |
| 25:19 | 2ʙ♥ˡᵒᵛᵉᵧₒᵤ · age_up castle |
| 27:45 | 2ʙ♥ˡᵒᵛᵉᵧₒᵤ · first_building Siege Workshop |
| 27:55 | shogun · first_building Barracks |
| 27:57 | sandr1 · first_market_buy 100 stone |
| 28:06 | sandr1 · first_building Castle |
| 28:40 | shogun · first_building Stable |
| 30:22 | luanb10 · first_building Barracks |
| 30:35 | SICKOISM SICKOISM · first_market_buy 100 stone |
| 30:39 | sandr1 · first_building Siege Workshop |
| 30:53 | 蒜香骨 · resign |
| 31:23 | luanb10 · first_building Stable |
| 31:37 | luanb10 · first_building Archery Range |
| 31:39 | SICKOISM SICKOISM · first_building Monastery |
[ ANÁLISIS IA · 1 CRÉDITO ]
¿Qué pasó realmente en esta partida?
Wolo.gg analiza cada decisión: build order, eco, micro, errores típicos por bracket. Análisis personalizado por WhatsApp o Discord en 30 segundos.
Guía civ
Vietnamitas
Guía mapa
Nomad
Perfil
Mạnh Đạt